 Dungeon Crawl Stone Soup version 0.18-a0-1311-g779ca93 (webtiles) character file.

5295 st0uf the Cruncher (level 10, 0/79 HPs)
             Began as a Formicid Fighter on Feb 14, 2016.
             Was a Priest of Kikubaaqudgha.
             Killed by divine providence
             ... invoked by an orc priest
              (13 damage)
             ... on level 9 of the Dungeon.
             The game lasted 00:34:52 (9561 turns).

st0uf the Cruncher (Formicid Fighter)               Turns: 9561, Time: 00:34:52

Health: 0/79       AC:  9    Str: 21    XL:     10   Next: 94%
Magic:  10/10      EV: 11    Int:  8    God:    Kikubaaqudgha [***...]
Gold:   565        SH: 11    Dex: 13    Spells: 1 memorised, 8 levels left

rFire  . . .     SeeInvis +     x - +3 quarterstaff (chaos)
rCold  . . .     Gourm    .     b - +0 scale mail
rNeg   . . .     Faith    .     c - +0 shield
rPois  .         Spirit   .     (helmet unavailable)
rElec  .         Dismiss  .     y - +0 cloak
rCorr  .         Reflect  .     (no gloves)
SustAt .         Harm     .     (no boots)
MR     +....                    (no amulet)
Stlth  ..........               (no ring)
                                (no ring)

@: drained, somewhat resistant to hostile enchantments, extremely unstealthy
A: permanent stasis, dig shafts and tunnels, four strong arms, antennae 3
a: Dig, Shaft Self, Receive Corpses, Renounce Religion


You were on level 9 of the Dungeon.
You worshipped Kikubaaqudgha.
Kikubaaqudgha was most pleased with you.
You were not hungry.

You visited 2 branches of the dungeon, and saw 10 of its levels.

You collected 565 gold pieces.

Inventory:

Hand Weapons
 a - a +0 quarterstaff
 q - a +0 blowgun
 x - a +3 quarterstaff of chaos (weapon)
Missiles
 r - 7 poisoned needles
Armour
 b - a +0 scale mail (worn)
 c - a +0 shield (worn)
 g - a +0 cloak
 y - a +0 cloak (worn)
Jewellery
 E - an uncursed ring of fire {unknown}
Wands
 i - a wand of slowing (22/48)
 k - a wand of teleportation (3/9)
Scrolls
 h - 7 scrolls of teleportation {unknown}
 j - 3 scrolls of remove curse {unknown}
 l - 4 scrolls of magic mapping {unknown}
 t - 10 scrolls of identify {unknown}
 B - 2 scrolls of noise {unknown}
 F - a scroll of acquirement {unknown}
 G - 3 scrolls of fear {unknown}
 H - a scroll of recharging {unknown}
Potions
 d - 3 potions of might
 e - 6 potions of curing {unknown}
 m - a potion of invisibility {unknown}
 n - a potion of berserk rage {unknown}
 o - a potion of magic {unknown}
 s - a potion of brilliance {unknown}
 w - a potion of haste {unknown}
 A - 2 potions of lignification {unknown}
 C - 2 potions of flight {unknown}
 I - a potion of mutation {unknown}
Books
 p - Kikubaaqudgha's Catalogue of Evil Arts
   (Kikubaaqudgha gifted it to you on level 3 of the Dungeon)

   Spells                             Type                      Level
   a - Animate Skeleton               Necromancy                   1
   b - Corpse Rot                     Necromancy                   2
   c - Sublimation of Blood           Necromancy                   2
   d - Regeneration                   Charms/Necromancy            3
   e - Control Undead                 Necromancy                   4
 J - Kikubaaqudgha's Reference Book on Sinister Rituals
   (Kikubaaqudgha gifted it to you on level 8 of the Dungeon)

   Spells                             Type                      Level
   a - Animate Dead                   Necromancy                   4
   b - Excruciating Wounds            Charms/Necromancy            5
   c - Bolt of Draining               Conjuration/Necromancy       5
   d - Dispel Undead                  Necromancy                   5
   e - Death Channel                  Necromancy                   6
 L - a book of Dreams

   Spells                             Type                      Level
   a - Ensorcelled Hibernation        Hexes/Ice                    2
   b - Silence                        Hexes/Air                    5
   c - Darkness                       Hexes                        6
   d - Mass Confusion                 Hexes                        6
   e - Shadow Creatures               Summoning                    6
Comestibles
 f - 10 bread rations
 u - a royal jelly
 v - a beef jerky
 z - 2 slices of pizza
 D - 14 fruits


   Skills:
 + Level 7.0(6.5) Fighting
 * Level 9.2(8.8) Staves
 + Level 0.8(0.4) Throwing
 + Level 6.8(6.4) Armour
 + Level 4.0(3.7) Dodging
 + Level 2.1(1.7) Stealth
 + Level 8.0(7.5) Shields
 * Level 5.8(5.4) Necromancy


You had 8 spell levels left.
You knew the following spells:

 Your Spells              Type           Power        Failure   Level  Hunger
a - Animate Skeleton      Necr           N/A          21%         1    ##.....


Dungeon Overview and Level Annotations

Branches:
Dungeon (9/15)             Temple (1/1) D:7
   Lair: D:8-11         Orc: D:9-12

Altars:
Ashenzari
Cheibriados
Dithmenos
Elyvilon
Fedhas
Gozag
Kikubaaqudgha
Makhleb
Nemelex Xobeh
Okawaru
Pakellas
Qazlal
Ru
Sif Muna
Trog
Vehumet
Xom
Yredelemnul
Zin
The Shining One

Shops:
D:6 (   D:8 (


Innate Abilities, Weirdness & Mutations

You are under a permanent stasis effect.
You can dig through walls and to a lower floor.
Your four strong arms can wield two-handed weapons with a shield.
You have a pair of large antennae on your head (SInv).


Message History

The orc wizard miscasts a cantrip.
You completely miss the orc warrior.
The orc warrior is moderately wounded.
The orc warrior hits you with a short sword.
* * * LOW HITPOINT WARNING * * *
You hit the orc warrior.
The orc warrior is heavily wounded.
The orc warrior hits you with a short sword.
* * * LOW HITPOINT WARNING * * *
The orc wizard casts a spell.
The orc wizard seems to speed up.
You sock the orc warrior! You drain the orc warrior!
The orc warrior is almost dead.
The orc warrior hits you but does no damage.
The orc priest calls upon Beogh to heal the orc warrior.
The orc warrior is healed somewhat.
The orc priest calls down the wrath of Beogh upon you.
Something smites you!
You die...
Kikubaaqudgha rasps: "You have failed me!
Welcome... death!"

#...# #...# #...#
################...#
...................#
........########...#
........# #...#
##......# #...#
.#......# #@..#
.#......# #...#
.#......# #o..#
<#...<..# #o###
##......########†#
...............o#
.................#
.................#
[.....))##


You could see an orc warrior, an orc priest and an orc wizard.

Vanquished Creatures
  Pikel (D:3)
  Duvessa (D:4)
  The ghost of Voda the Conjurer, a novice OpCj of Yredelemnul (D:4)
  A two-headed ogre (D:8)
  A spriggan (D:7)
  Eustachio (D:4)
  Menkaure (D:6)
  A water moccasin (D:7)
  3 orc warriors (D:8)
  2 black bears (D:6)
  2 ice beasts
  2 eyes of draining (D:8)
  2 ogres
  2 phantoms
  A crocodile (D:7)
  2 centaurs
  4 giant frogs
  5 killer bees (D:7)
  5 scorpions
  Dowan (D:4)
  8 crimson imps
  A giant frog zombie (D:6)
  2 quasits
  A giant frog skeleton (D:6)
  4 hounds
  A gnoll shaman (D:6)
  8 orc priests
  8 orc wizards
  Crazy Yiuf (D:4)
  A centaur skeleton (D:7)
  Terence (D:2)
  2 iguanas
  4 worker ants
  A hound zombie (D:7)
  2 worker ant zombies
  8 gnolls
  11 adders
  2 oozes (D:5)
  An adder zombie (D:7)
  An adder skeleton (D:8)
  3 worms
  5 giant geckos
  40 orcs
  5 bats
  8 giant cockroaches
  3 hobgoblins
  19 jackals
  4 quokkas
  A ball python (D:6)
  A giant gecko skeleton (D:4)
  3 giant newts
  2 gnoll zombies (D:3)
  7 goblins
  10 kobolds
  A quokka zombie (D:7)
  6 rats
  A fungus (D:5)
226 creatures vanquished.

Vanquished Creatures (others)
  2 slaves (D:4)
  A plant (D:7)
3 creatures vanquished.

Grand Total: 229 creatures vanquished

Notes
Turn   | Place    | Note
--------------------------------------------------------------
     0 | D:1      | st0uf the Formicid Fighter began the quest for the Orb.
     0 | D:1      | Reached XP level 1. HP: 18/18 MP: 1/1
   215 | D:1      | Reached XP level 2. HP: 21/24 MP: 2/2
   528 | D:2      | Reached XP level 3. HP: 28/30 MP: 3/3
   734 | D:2      | Reached skill level 4 in Shields
   746 | D:2      | Noticed Terence
   754 | D:2      | Killed Terence
   754 | D:2      | Reached XP level 4. HP: 16/37 MP: 4/4
  1379 | D:2      | Found an ancient bone altar of Kikubaaqudgha.
  1392 | D:2      | Found a glowing silver altar of Zin.
  1395 | D:2      | Found a shattered altar of Ashenzari.
  1425 | D:2      | Became a worshipper of Kikubaaqudgha
  1536 | D:3      | Found a snail-covered altar of Cheibriados.
  1548 | D:3      | Reached XP level 5. HP: 39/42 MP: 5/5
  1664 | D:3      | Found a burning altar of Makhleb.
  1665 | D:3      | Found a shimmering altar of Xom.
  1943 | D:3      | Reached XP level 6. HP: 49/49 MP: 6/6
  1974 | D:3      | Reached * piety under Kikubaaqudgha
  1974 | D:3      | Received a gift from Kikubaaqudgha
  1975 | D:3      | Identified Kikubaaqudgha's Catalogue of Evil Arts (Kikubaaqudgha gifted it to you on level 3 of the Dungeon)
  1978 | D:3      | Learned a level 1 spell: Animate Skeleton
  2207 | D:3      | Found a basalt altar of Yredelemnul.
  2366 | D:4      | Reached skill level 1 in Dodging
  2380 | D:4      | Noticed Eustachio
  2407 | D:4      | Killed Eustachio
  2407 | D:4      | Reached skill level 1 in Necromancy
  2407 | D:4      | Reached XP level 7. HP: 42/55 MP: 7/7
  2624 | D:4      | Reached skill level 5 in Shields
  2982 | D:4      | Noticed Voda's ghost (novice OpCj)
  3006 | D:4      | Killed Voda's ghost
  3006 | D:4      | Reached skill level 5 in Staves
  3006 | D:4      | Reached skill level 5 in Armour
  3006 | D:4      | Reached XP level 8. HP: 12/61 MP: 8/8
  3007 | D:4      | Found a shadowy altar of Dithmenos.
  3356 | D:4      | Reached skill level 5 in Fighting
  3940 | D:4      | Noticed Pikel
  3945 | D:4      | Noticed Dowan
  3949 | D:4      | Noticed Duvessa
  3965 | D:3      | Killed Pikel
  3965 | D:3      | Reached skill level 6 in Staves
  3965 | D:3      | Reached skill level 1 in Stealth
  3965 | D:3      | Reached XP level 9. HP: 51/68 MP: 9/9
  4072 | D:4      | Killed Dowan
  4101 | D:4      | Killed Duvessa
  4216 | D:4      | Found a white marble altar of Elyvilon.
  4261 | D:4      | Noticed Crazy Yiuf
  4266 | D:4      | Killed Crazy Yiuf
  4487 | D:5      | Entered Level 5 of the Dungeon
  4816 | D:5      | Reached skill level 7 in Staves
  5171 | D:6      | Reached ** piety under Kikubaaqudgha
  5314 | D:6      | Found a bloodstained altar of Trog.
  5660 | D:6      | Noticed Menkaure
  5790 | D:6      | Found Qourch's Antique Weapon Boutique.
  5867 | D:6      | Reached XP level 10. HP: 72/76 MP: 10/10
  5993 | D:6      | Found an oddly glowing altar of Pakellas.
  5993 | D:6      | Noticed a purple ugly thing
  6177 | D:6      | Killed Menkaure
  6177 | D:6      | Reached skill level 8 in Staves
  6679 | D:7      | Found an iron altar of Okawaru.
  6710 | D:7      | Reached skill level 5 in Necromancy
  6913 | D:7      | Found a staircase to the Ecumenical Temple.
  6928 | Temple   | Entered the Ecumenical Temple
  7570 | D:7      | Found a glowing golden altar of the Shining One.
  8117 | D:8      | Found Tuyfuj's Weapon Emporium.
  8249 | D:8      | Reached *** piety under Kikubaaqudgha
  8249 | D:8      | Received a gift from Kikubaaqudgha
  8262 | D:8      | Identified Kikubaaqudgha's Reference Book on Sinister Rituals (Kikubaaqudgha gifted it to you on level 8 of the Dungeon)
  8597 | D:8      | Reached skill level 9 in Staves
  9561 | D:9      | Killed from afar by an orc priest

Vault maps used:
D:1:      dpeg_arrival_erosion, kennysheep_boxes
D:2:      minmay_overflow_temple_star_quad, uniq_terence
D:3:      grunt_temple_overflow_champion_of_chaos, cheibriados_altar_wand_db,
          lemuel_zombie_altar_yredelemnul, serial_co_window_serial,
          co_window_of_opportunity_a, co_window_paths_b, co_window_corner_a,
          co_window_paths_a, co_window_corner_a, co_window_2corner,
          co_window_corner_cb, co_window_corner_cb, co_window_sun,
          co_window_4corner_a, glass_columns_a, glass_columns_a,
          glass_columns_c, glass_columns_a, glass_columns_a
D:4:      grunt_dithmenos_smoke, lemuel_crystal_altar, uniq_duvessa, uniq_pikel,
          uniq_crazy_yiuf_cottage, uniq_eustachio
D:5:      first_bread, minmay_gold_behind_fungi, dk_vineyard_2
D:6:      trog_ov_bears_minmay, serial_shops, shop,
          gammafunk_pakellas_cloud_experiment, uniq_menkaure
D:7:      tso_oasis_becter, okawaru_trees_1, minmay_temple_entry_trees,
          the_bakery
D:8:      serial_shops, shop
D:9:      lair_0_dummy, erik_orc_1
Temple:   circular_temple_pool_8

Action                   |  1- 3 |  4- 6 |  7- 9 | 10-12 || total
-------------------------+-------+-------+-------+-------++-------
Melee: Quarterstaff      |    74 |   144 |   386 |   289 ||   893
 Fire: Blowgun           |       |       |     7 |       ||     7
 Abil: Dig               |       |     6 |     3 |     2 ||    11
  Eat: Chunk             |       |     5 |    12 |    12 ||    29
